[Event "14th Karen Asrian Memorial 2024"]
[Site "Yerevan"]
[Date "2024.04.30"]
[Round "7.3"]
[White "Danielyan, Vahe"]
[Black "Ohanyan, Emin"]
[Result "0-1"]
[ECO "D02"]
[WhiteElo "2331"]
[BlackElo "2488"]
[Annotator "TA"]
[PlyCount "84"]
[EventDate "2024.04.24"]
[EventType "swiss"]
[EventCountry "ARM"]
[SourceTitle "playchess.com"]
[Source "ChessBase"]
[SourceQuality "1"]
[TimeControl "40/5400+30:1800+30"]

1. d4 d5 2. Nf3 e6 3. Bf4 c5 4. e3 Qb6 5. Nc3 Bd7 6. Rb1 {[%emt 0:01:52] D02: 1 d4 d5 2 Nf3 sidelines, including 2...Nf6 3 g3 and 2...Nf6 3 Bf4.} Nf6 7. Be2 Bd6 8. Ne5 cxd4 9. exd4 Nc6 10. Nxd7 Kxd7 11. Be3 a6 12. O-O Qc7 13. h4 $146 ({Predecessor:} 13. Kh1 b5 14. Bd3 h5 15. f4 Ng4 16. Qf3 g6 17. a4 b4 18. Ne2 f5 19. Rbd1 {1-0 Vorobjov,P (2233)-Medar,M (2024) EST-ch U20 Tallinn 2018 (4)}) 13... Ne7 14. Qd3 h6 15. Bf3 g5 16. h5 g4 17. Be2 Nf5 (17... Nxh5 18. Bxg4 Nf6 19. Bh3 $15) 18. Rfe1 (18. Bd2 $17 {is a better defense.}) 18... Rag8 (18... Nxh5 $2 19. Bxg4 Nxe3 20. Bxh5 Nxg2 21. Kxg2 $18) 19. b4 Bh2+ (19... Nxh5 20. Nxd5 Bh2+ 21. Kh1 Nfg3+ 22. fxg3) 20. Kf1 Bf4 21. Bxf4 Qxf4 22. g3 Qxd4 23. b5 a5 (23... Nxh5 24. bxa6 bxa6 25. Rb7+ Ke8 26. Qxa6 $18) 24. b6 Rc8 25. Nb5 Qc5 (25... Qxb6 26. Na3 Qc6 27. Kg1 $15) 26. Nc7 Nd6 (26... Nxh5 $2 27. Rb5 (27. Bxg4 Nhg7 $18) 27... Rxc7 28. bxc7 $18 (28. Rxc5 Rxc5 29. Bxg4 Nhg7 $18)) 27. Kg2 (27. Red1 {was the only defense.}) 27... Nfe4 $19 (27... Nxh5 28. Bxg4 Ng7 (28... Nf6 29. Nxe6 fxe6 30. Bxe6+ Kd8 31. Bxc8 $11) 29. Re5 $11 (29. Nxd5 f5 $11)) 28. Rf1 f5 29. a4 Rcf8 30. Nb5 Rhg8 (30... Qxb6 $2 31. Nxd6 Qxd6 32. Rxb7+ Kc8 33. Rb5 $18) 31. Nxd6 Kxd6 (31... Nxd6 32. c3 $19) 32. c4 f4 (32... d4 33. Rb5 Qc6 34. Qxd4+ Ke7 35. Kg1 $16) 33. gxf4 (33. cxd5 $19 f3+ (33... exd5 34. Bxg4 Rxg4 35. Rb5 $19) (33... Qxd5 34. Qa3+ Qc5 35. Qd3+ Qd5 36. Qa3+ Qc5 37. Qd3+ Qd5 $11) 34. Kg1 exd5 (34... fxe2 $2 35. dxe6+ Ke7 36. Qxe4 $19) 35. Bd1) 33... Rxf4 34. Qe3 Rgf8 (34... Rxf2+ $142 35. Qxf2 Nxf2 36. Rxf2 Qe3 (36... dxc4 $2 37. Ra1 $19) 37. c5+ Kxc5 (37... Qxc5 $2 38. Bf1 $19) 38. Rb5+ Kd6 39. Bc4 dxc4 40. Rbb2 c3 41. Rbe2 Qd3 (41... Qxb6 $2 42. Re1 $19) (41... Qh3+ {gets mated.} 42. Kg1 Qd3 43. Re1 c2 44. Kg2 Rc8 45. Rfe2 Qd5+ 46. Re4 c1=Q 47. Kg3 Qd3+ 48. R1e3 Qdxe3+ 49. Rxe3 Qxe3+ 50. Kh2 Rc2+ 51. Kh1 Qe1#) 42. Ra2 Rg5 43. Rf8 Qe4+ (43... Rxh5 $2 44. Rd8+ Kc5 45. Rxd3 $18) 44. Kg1 g3 (44... Rxh5 45. Rh2 c2 46. Rd8+ Ke7 47. Rc8 Qe1+ 48. Kg2 Qe2+ 49. Kg1 Qxh2+ 50. Kf1 Rf5+ 51. Ke1 Qf2#) (44... Qb1+ 45. Rf1 Qxa2 46. Rf2 c2 47. Rf1 Qa3 48. Kg2 Qh3+ 49. Kf2 Qf3+ 50. Kg1 Qg3+ 51. Kh1 Rxh5#) 45. Rf1 Rxh5 (45... Qd4+ 46. Kg2 Qd5+ 47. Kg1 Qxa2 48. Rf8 Rxh5 49. Rd8+ Ke5 50. Rf8) 46. Rf3 Qb1+ (46... Qxf3 47. Rd2+ Ke5 48. Re2+ Kf4 49. Re4+ Qxe4 50. Kf1 Rh1#) (46... Qe1+ 47. Rf1) 47. Rf1 Rh1+ (47... Qxa2 48. Rd1+ Rd5 49. Rxd5+ exd5 50. Kh1 Qh2#) 48. Kg2 Qxf1+ 49. Kxg3 Rh3+ 50. Kg4 Qf5#) 35. Qxc5+ $19 Kxc5 ({Much less strong is} 35... Nxc5 36. cxd5 exd5 37. Ra1 $19) 36. cxd5 Rxf2+ (36... Nxf2 37. dxe6 Kd6 38. Rfe1 $18) 37. Kg1 Rxf1+ (37... exd5 38. Rxf2 Nxf2 (38... Rxf2 $2 39. Rb5+ Kc6 40. Bd3 $19) 39. Rc1+ Kxb6 40. Kg2 $19) 38. Bxf1 exd5 39. Rb5+ Kc6 40. Bg2 Nc3 41. Rb3 Nxa4 (41... Ne2+ $142 42. Kh1 Rf5) 42. Rd3 Nxb6 0-1

[Event "14th Karen Asrian Memorial 2024"]
[Site "Yerevan"]
[Date "2024.04.30"]
[Round "7.4"]
[White "Sukiasyan, Vahe A."]
[Black "Davtyan, Arsen"]
[Result "1/2-1/2"]
[ECO "C84"]
[WhiteElo "2258"]
[BlackElo "2421"]
[Annotator "TA"]
[PlyCount "93"]
[EventDate "2024.04.24"]
[EventType "swiss"]
[EventCountry "ARM"]
[SourceTitle "playchess.com"]
[Source "ChessBase"]
[SourceQuality "1"]
[TimeControl "40/5400+30:1800+30"]

1. e4 e5 2. Nf3 Nc6 3. Bb5 a6 4. Ba4 Nf6 5. O-O Be7 6. d3 b5 7. Bb3 d6 8. a4 Bd7 9. h3 O-O 10. Be3 h6 11. Nc3 Na5 12. Ba2 c5 13. axb5 axb5 14. Nd5 Be6 15. Nxf6+ Bxf6 16. Bxe6 fxe6 17. c3 Qd7 18. b4 cxb4 19. cxb4 Nc6 20. Qb3 Kh7 21. Rfd1 Nd4 22. Bxd4 exd4 23. Rxa8 Rxa8 24. Re1 Rc8 25. e5 dxe5 26. Nxe5 Bxe5 27. Rxe5 $11 {[%emt 0:00:00][%mdl 4096] Endgame. KQR-KQR} Rc1+ 28. Kh2 Qf7 29. Re4 {[%emt 0:00:00] Dodges Qf4+} Qxf2 {[%emt 0:00:33] [#] ( -> ...Rg1)} 30. Qxe6 Rd1 {[%emt 0:03:27] Hoping for ...Qg1+.} 31. Rg4 {[%emt 0:00:00] Qg6+ would kill now.} Qg1+ ({Stronger than} 31... Rxd3 32. Qg6+ Kh8 33. Qxg7#) 32. Kg3 {[%emt 0:00:00] White threatens Qg6+ and mate.} Qe3+ $1 (32... Rxd3+ $2 {loses.} 33. Kh4 Qf2+ 34. Kh5 $18) 33. Qxe3 dxe3 {[%emt 0:00:01] KR-KR} 34. Re4 Rxd3 35. Re5 (35. Kf3 $11) 35... Rd4 $17 36. Rxe3 Rxb4 37. Re6 Rc4 (37... h5 $17) 38. Rb6 $15 b4 39. Kf3 {[%emt 0:00:00] [#]} Rc3+ (39... h5 $1 $17) 40. Kf4 $11 Rc4+ (40... Rb3 $11) 41. Kf3 $15 Rc3+ (41... h5 $1 $15) 42. Kf4 $11 {[%emt 0:00:00] The position is equal.} b3 43. h4 Kg8 44. Rb7 Kf8 45. g4 Ke8 46. Kf5 Rf3+ 47. Ke4 {[%emt 0:41:00] Weighted Error Value: White=0.08 (flawless) /Black=0.13 (very precise) .  Mistake:       	White=1     	Black=4      Inaccurate:     	---       	Black=1      OK:         	White=13    	Black=13     Best:        	White=3     	Black=2      Strong:       	---       	Black=1} 1/2-1/2

[Event "14th Karen Asrian Memorial 2024"]
[Site "Yerevan"]
[Date "2024.04.30"]
[Round "7.5"]
[White "Pogosyan, Stefan"]
[Black "Nalbandyan, Vahan"]
[Result "1-0"]
[ECO "D56"]
[WhiteElo "2387"]
[BlackElo "2110"]
[Annotator "TA"]
[PlyCount "65"]
[EventDate "2024.04.24"]
[EventType "swiss"]
[EventCountry "ARM"]
[SourceTitle "playchess.com"]
[Source "ChessBase"]
[SourceQuality "1"]
[TimeControl "40/5400+30:1800+30"]

1. d4 d5 2. c4 e6 3. Nc3 Nf6 4. Bg5 Be7 5. e3 h6 6. Bh4 O-O 7. Nf3 Ne4 8. Bxe7 Qxe7 9. Rc1 Nxc3 10. Rxc3 dxc4 11. Bxc4 Nd7 12. O-O e5 {[%emt 0:07:31] White has an edge.} 13. d5 Nb6 14. Bb3 Bf5 {[%emt 0:16:47] Dodges Qc2} 15. Nd2 {[%emt 0:00:00][%cal Bf3d2,Bd2e4,Be4c5][%mdl 32] Dodges Be4} e4 {[%emt 0:01:02] Prevents Qf3} 16. Qh5 Qd7 {[%emt 0:06:39] [#]} 17. Rxc7 Qxc7 $11 18. Qxf5 Rae8 19. Nxe4 Qe5 {[%emt 0:06:00] Prevents Nf6+} 20. Qxe5 Rxe5 21. Nc5 Rb8 22. e4 g5 $2 {[%emt 0:00:34] [#] This move loses the game for Black.} (22... Ree8 $14) 23. f4 $1 $18 gxf4 24. Rxf4 Kg7 25. Nd3 Nd7 (25... Rg5 {keeps fighting.} 26. e5 Nd7) 26. Nxe5 Nxe5 {[%emt 0:00:02][%mdl 4096] Endgame. KRB-KRN} 27. Rf5 f6 28. Rf2 Re8 29. d6 b5 30. Rd2 Nd7 31. Bd5 Rd8 32. Bc6 Nc5 33. b4 {[%emt 0:00:00] Weighted Error Value: White=0.08 (flawless) /Black=0.37.  Mistake:       	White=1     	Black=2      Inaccurate:     	White=1     	Black=1      OK:         	White=12    	Black=6      Best:        	White=1     	---        Strong:       	White=1     	---} (33. Bxb5 Nxe4 34. Rd4 Nxd6 $16) 1-0

[Event "14th Karen Asrian Memorial 2024"]
[Site "Yerevan"]
[Date "2024.04.30"]
[Round "7.6"]
[White "Chaqryan, Erik"]
[Black "Andriasian, Zaven"]
[Result "0-1"]
[ECO "E70"]
[WhiteElo "2326"]
[BlackElo "2570"]
[Annotator "RC"]
[PlyCount "172"]
[EventDate "2024.04.24"]
[EventType "swiss"]
[EventCountry "ARM"]
[SourceTitle "playchess.com"]
[Source "ChessBase"]
[SourceQuality "1"]
[TimeControl "40/5400+30:1800+30"]

1. d4 Nf6 2. c4 g6 3. Nc3 Bg7 4. e4 d6 5. Nge2 O-O 6. Ng3 h5 7. Be2 a5 8. Be3 e5 9. d5 Na6 10. h3 Nc5 11. Qc2 h4 12. Nf1 Nh7 13. O-O-O f5 14. Rg1 Bd7 15. g3 hxg3 16. Bxc5 dxc5 17. Nxg3 f4 18. Nf1 f3 19. Bd3 Ra6 20. Nd2 Bh6 21. Kb1 Raf6 22. h4 Kh8 23. Nb5 b6 24. Qc3 Bxb5 25. cxb5 Bxd2 26. Qxd2 Qd6 27. Rg3 Rf4 28. Rdg1 R8f6 29. Rh1 Kg7 30. Qc1 Qe7 31. Qg1 Rd6 32. Rhh3 Rxh4 33. Qh2 Rxh3 34. Rxh3 Ng5 35. Rh8 Kf6 36. Qg3 Rd8 37. Rh4 Qg7 38. Rg4 Nf7 39. Qxf3+ Ke7 40. Qg2 Rd6 41. Rh4 g5 42. Rh3 Rh6 43. Be2 Qh7 44. Rxh6 Qxh6 45. Qg4 Nd6 46. f3 Kd8 47. Kc2 a4 48. Qg3 Qf6 49. Qh3 c4 50. Kc3 Nxb5+ 51. Kxc4 Nd4 52. Kd3 c6 53. dxc6 Nxc6 54. Ke3 Nd4 55. Qh7 b5 56. Qb7 Qf4+ 57. Kd3 Qc1 58. Qb8+ Kd7 59. Qb7+ Qc7 60. Qd5+ Ke7 61. Bd1 Kf6 62. Qg8 Ne6 63. Qh8+ Kf7 64. Qh7+ Ng7 65. b3 Qc1 66. Bc2 Qf1+ 67. Kd2 Qf2+ 68. Kd1 Qxf3+ 69. Kd2 Qf2+ 70. Kd1 Qd4+ 71. Ke2 Qb2 72. Kd1 a3 73. b4 Qxb4 74. Qh3 Qd4+ 75. Ke2 Qc4+ 76. Kd1 Qd4+ 77. Ke2 b4 78. Bb3+ Kg6 79. Qf3 Qd7 80. Qf8 g4 81. Qxb4 Nh5 82. Qb8 Nf4+ 83. Ke1 Qe7 84. Kf1 Kg5 85. Qh8 Ng6 86. Qh2 Qf6+ 0-1

[Event "14th Karen Asrian Memorial 2024"]
[Site "Yerevan"]
[Date "2024.04.30"]
[Round "7.7"]
[White "Shahinyan, David"]
[Black "Atoyan, Alberto"]
[Result "1-0"]
[ECO "C42"]
[WhiteElo "2441"]
[BlackElo "2243"]
[Annotator "TA"]
[PlyCount "63"]
[EventDate "2024.04.24"]
[EventType "swiss"]
[EventCountry "ARM"]
[SourceTitle "playchess.com"]
[Source "ChessBase"]
[SourceQuality "1"]
[TimeControl "40/5400+30:1800+30"]

1. e4 e5 2. Nf3 Nf6 3. Nxe5 d6 4. Nf3 Nxe4 5. Nc3 Nxc3 6. dxc3 Be7 7. Bf4 O-O 8. Qd2 Nd7 9. O-O-O Nf6 10. Bd3 Be6 11. Kb1 c5 12. Ng5 {[%emt 0:03:15] White is better.} Qd7 13. Rhe1 h6 ({Black should play} 13... d5) 14. Nxe6 $16 fxe6 15. Qe2 Nd5 16. Bb5 (16. Qxe6+ Qxe6 17. Rxe6 Nxf4 $14 (17... Rxf4 18. c4 $16)) 16... Nxf4 17. Bxd7 Nxe2 18. Bxe6+ Kh8 19. Rxe2 Rad8 {[%emt 0:03:16] Black is weak on the light squares} 20. Bd5 Bf6 21. Rde1 {[%emt 0:00:03] White is more active.} Be5 22. g3 g5 23. c4 (23. Bxb7 Rb8 24. f4 Bf6 25. fxg5 hxg5 $19) 23... Rf6 24. f3 (24. Bxb7 $6 Rb8 25. Bd5 (25. f4 gxf4 26. gxf4 Rxf4 $17) 25... Rxb2+ 26. Kc1 Rxa2 $11) 24... h5 25. c3 ({Don't do} 25. Bxb7 $6 Rb8 26. Rxe5 (26. f4 $2 gxf4 27. Bd5 f3 $19) 26... dxe5 $14) 25... Rd7 {[%emt 0:01:07] [#]} (25... b6 $16 26. Rg2 Rg6) 26. Kc2 ({White must play} 26. h4 $1 $18 Bxg3 27. Re8+ (27. hxg5 Rf8 $18) 27... Kh7 28. hxg5) 26... Rg7 (26... Rf8 $16 27. Kb3 b6) 27. h4 $18 {[%emt 0:04:55] White is clearly winning.} Rfg6 {[%emt 0:05:46] [#]} 28. f4 $1 gxf4 29. gxf4 Bxf4 30. Re8+ Kh7 31. Be4 {[%emt 0:00:07][%cal Oe1g1] Rg1! would now be deadly.} Be5 32. Rg1 {[%emt 0:00:20] White took control after the opening.   Weighted Error Value: White=0.08 (flawless) /Black=0.55.  Loses game:     	---       	Black=1      Mistake:       	White=1     	Black=2      Inaccurate:     	---       	Black=2      OK:         	White=10    	Black=9      Best:        	White=3     	Black=1} ({Weaker is} 32. Bxg6+ Rxg6 33. a4 b6 $18) 1-0

[Event "14th Karen Asrian Memorial 2024"]
[Site "Yerevan"]
[Date "2024.04.30"]
[Round "7.8"]
[White "Hayrapetyan, Edgar"]
[Black "Korshunov, Sergey And."]
[Result "0-1"]
[ECO "D59"]
[WhiteElo "2340"]
[BlackElo "2286"]
[Annotator "TA"]
[PlyCount "152"]
[EventDate "2024.04.24"]
[EventType "swiss"]
[EventCountry "ARM"]
[SourceTitle "playchess.com"]
[Source "ChessBase"]
[SourceQuality "1"]
[TimeControl "40/5400+30:1800+30"]

1. d4 Nf6 2. c4 e6 3. Nf3 d5 4. Nc3 Be7 5. Bg5 O-O 6. e3 h6 7. Bh4 b6 8. cxd5 Nxd5 9. Bxe7 Qxe7 10. Nxd5 exd5 11. Rc1 Be6 12. Bd3 c5 13. O-O c4 14. Bb1 Nd7 15. Ne5 Rfe8 16. Qc2 Nf8 17. Rfe1 b5 18. Qd2 Qd6 19. h3 a5 20. f3 b4 21. e4 Rac8 $1 22. Qf2 Red8 23. Rcd1 c3 24. b3 Rc7 25. Bc2 Re7 26. Ng4 {[%emt 0:02:00] [#]} (26. Re2 $17 {is a better defense.}) 26... dxe4 $1 $19 27. fxe4 Bxg4 28. hxg4 Qf6 $2 ({Black should play} 28... Red7 $19 {Threatens to win with ...Qe7.} 29. Re3 Qg6) 29. e5 $2 (29. Qxf6 $11 {and White has nothing to worry.} gxf6 30. Re3) 29... Qxf2+ $19 30. Kxf2 {[%emt 0:00:01] [#]} Red7 $1 31. Re4 Ne6 32. Ke3 Ng5 33. Rf4 Ne6 34. Re4 Kf8 35. Rd3 Ke7 36. Rd1 (36. Bb1 $142) 36... Rd5 37. g3 (37. Rd3 $142) 37... R8d7 $19 38. Rd3 Ng5 39. Rf4 Ne6 40. Re4 Kd8 41. Rd1 g5 42. Rd3 Kc7 43. Bb1 Kd8 44. Bc2 Ke8 45. Bb1 Ke7 46. Bc2 Nc7 47. Rd1 Nb5 48. Bb1 Rd8 49. Bc2 R8d7 50. Bb1 $1 Kd8 51. Bc2 Kc7 52. Bb1 Kb6 53. Bc2 Rd8 54. Bb1 R5d7 55. Bc2 Ka7 56. Bb1 Kb7 57. Bc2 Kb6 58. Bb1 Nc7 59. Bc2 Ne6 60. Rd3 Rd5 61. Bb1 Rh8 62. Rd1 h5 63. Bd3 $2 (63. gxh5 Rxh5 64. Bd3) 63... h4 $19 64. Bc4 Rdd8 65. d5 Nc5 66. Red4 h3 ({Don't play} 66... hxg3 67. Be2) 67. Kf3 Rde8 68. e6 fxe6 69. dxe6 Kc7 70. Kf2 h2 71. Bd5 Nxe6 72. Rc4+ Kb8 73. Rc6 Rd8 74. Rb6+ Ka7 75. Rb7+ Ka6 76. Re7 Rxd5 0-1

[Event "14th Karen Asrian Memorial 2024"]
[Site "Yerevan"]
[Date "2024.05.01"]
[Round "8.2"]
[White "Pranesh M"]
[Black "Ohanyan, Emin"]
[Result "1-0"]
[ECO "C58"]
[WhiteElo "2538"]
[BlackElo "2488"]
[Annotator "TA"]
[PlyCount "109"]
[EventDate "2024.04.24"]
[EventType "swiss"]
[EventCountry "ARM"]
[SourceTitle "playchess.com"]
[Source "ChessBase"]
[SourceQuality "1"]
[TimeControl "40/5400+30:1800+30"]

1. e4 e5 2. Nf3 Nc6 3. Bc4 Nf6 4. Ng5 d5 5. exd5 Na5 6. Bb5+ c6 7. dxc6 bxc6 8. Qf3 {[%emt 0:00:06] 8.Bd3 gains popularity.} h6 {[%emt 0:00:03] C58: Two Knights: 4 Ng5 d5 5 exd5 Na5 sidelines.} 9. Ne4 cxb5 10. Nxf6+ gxf6 11. Qxa8 Qd7 12. Qf3 Bb7 13. Qe2 Bxg2 14. Rg1 Rg8 15. Nc3 $146 ({Predecessor:} 15. d3 Nc6 16. Be3 Bf3 17. Qf1 Rxg1 18. Qxg1 Nb4 19. Kd2 e4 20. d4 Nc6 21. c3 {½-½ Erigaisi,A (2689)-Robson,R (2682) Abu Dhabi Masters 28th 2022 (7)}) 15... Nc6 16. Ne4 Qf5 17. c3 Bxe4 18. Rxg8 Bd3 19. Qg4 Qh7 20. Qc8+ Nd8 21. Rxf8+ Kxf8 22. Qxd8+ Kg7 {[%emt 0:00:07] [#]} 23. f3 $1 Qg6 24. Kf2 Bf5 25. d3 Qh5 26. Bf4 (26. Bxh6+ Qxh6 27. Rg1+ Bg6 $16) 26... exf4 27. Rg1+ Bg6 28. Rg2 (28. Kg2 Qg5+ 29. Kh1 Qe5) 28... Qh4+ 29. Kf1 Qh5 30. Rf2 Qh3+ 31. Kg1 Qe6 32. Qd4 Qxa2 33. c4 (33. Qxf4 Bxd3 34. h4 h5 $18) 33... Qa4 34. Kg2 (34. Qxf4 Bxd3 35. Qg4+ Bg6 $16) 34... Qb4 $2 (34... h5 {keeps fighting.} 35. Qd7 (35. Qxf4 Bxd3 36. Qg3+ Bg6 $18) 35... Qa6 36. Qxb5 (36. cxb5 Qa5 $18) 36... Qa2) 35. Qd5 (35. Qxf4 Bxd3 36. Qg4+ Bg6 $16) (35. Qxa7 Bxd3 36. cxb5 Bxb5 $18) 35... Qb3 36. Qd4 (36. Qxb5 Qxb5 37. cxb5 Bxd3 $18) 36... Qb4 37. h4 (37. Qxf4 Bxd3 38. Qg4+ Bg6 $16) 37... h5 (37... Bf5 $142 38. h5 (38. Qxf4 Bxd3 39. Qg4+ Kh8 $18) (38. Qxa7 bxc4 39. dxc4 Qxc4 $18) 38... Qe7) 38. Qd5 $18 (38. Qxf4 Bxd3 39. Qg3+ Kh7 $16) 38... Qb3 39. Qxb5 Qxb5 (39... Qxd3 $142 40. Qd5 Qxd5 41. cxd5 Kf8) 40. cxb5 $18 Bxd3 41. Rd2 Bxb5 42. Rd5 a6 43. Rxh5 Kg6 44. Rd5 Bc4 45. Rc5 Bb3 46. Ra5 Bc4 47. Ra4 Bd3 48. Rxf4 Bb5 49. Rg4+ Kh6 50. b4 Bd7 51. Rf4 Kg7 52. Kf2 Be6 53. Ke3 Kg6 54. Kd4 Bd7 55. Ke4 (55. h5+ $142 Kxh5 56. Rxf6) 1-0

[Event "14th Karen Asrian Memorial 2024"]
[Site "Yerevan"]
[Date "2024.05.01"]
[Round "8.3"]
[White "Andriasian, Zaven"]
[Black "Shahinyan, David"]
[Result "1-0"]
[ECO "C41"]
[WhiteElo "2570"]
[BlackElo "2441"]
[Annotator "TA"]
[PlyCount "155"]
[EventDate "2024.04.24"]
[EventType "swiss"]
[EventCountry "ARM"]
[SourceTitle "playchess.com"]
[Source "ChessBase"]
[SourceQuality "1"]
[TimeControl "40/5400+30:1800+30"]

1. e4 d6 2. d4 Nf6 3. Nc3 e5 4. Nf3 Nbd7 5. Bc4 Be7 6. O-O O-O 7. Re1 c6 8. a4 h6 9. h3 Re8 10. a5 Bf8 11. d5 b5 12. Bb3 cxd5 13. Nxd5 Bb7 14. a6 Bxd5 15. Bxd5 Nxd5 16. Qxd5 Rb8 17. Bd2 Nf6 18. Qb3 Qd7 19. Be3 Rec8 20. Nd2 d5 21. exd5 Nxd5 22. Nf3 e4 23. Ne5 Qe6 24. Bd4 Bd6 25. Rxe4 f6 26. Rae1 fxe5 27. Rxe5 Bxe5 28. Rxe5 Qf7 29. Rxd5 Rd8 (29... Rc4 $16 30. Rd6 (30. Rxb5 $2 $19 {too greedy.})) 30. Qg3 $2 (30. Rxb5 $2 {loses.} Qxb3 31. Rxb3 Rxb3 32. Bxa7 Rxb2 $19) (30. Bxa7 $1 $18 Rxd5 31. Bxb8 Rd1+ 32. Kh2 Qxb3 33. cxb3) 30... Rxd5 (30... Rbc8 $14 31. Rf5 Qc7) 31. Qxb8+ $16 Kh7 32. Bxa7 ({Reject} 32. Qxa7 $6 Qxa7 33. Bxa7 Rd1+ (33... Rd6 34. Kf1 $11) 34. Kh2 Ra1 $11) 32... Rd1+ 33. Kh2 Ra1 {[%emt 0:01:05] [#]} (33... Qf6 $16 {keeps fighting.}) 34. Be3 $1 $18 Rxa6 35. Qxb5 Qc7+ 36. g3 Ra1 37. c3 Qd8 38. Qf5+ Kg8 39. Qe6+ Kh8 $2 (39... Kh7 40. Qe4+ Kg8) 40. Bd4 $18 Kh7 41. Qe4+ Kg8 42. h4 Qd7 43. b4 Ra6 44. Qe5 Re6 45. Qf5 Qc6 (45... Qe7 $142 46. Qd5 Qf7) 46. b5 $18 g6 (46... Qc4 $142 47. b6 Qc6) 47. Qxg6+ $18 Rxg6 48. bxc6 Rxc6 49. h5 Kf7 50. g4 Ke6 51. Kg3 Rc8 52. Bg7 Rc7 53. Bxh6 Rxc3+ 54. f3 Kf6 55. Bf4 Rb3 56. Bc1 Rb1 57. Bd2 Rd1 58. Be3 Rb1 59. f4 Rb3 60. Kf3 Rb4 61. Bf2 Ra4 62. Bc5 Rc4 63. Bd6 Rc3+ 64. Ke4 Rc4+ 65. Kd5 Rc1 66. Be5+ Kf7 67. Ke4 Rh1 68. Bd4 Rh4 69. Kf5 Rh1 70. Kg5 Rd1 71. Be5 Re1 72. Kh6 Rg1 {[%emt 0:00:57] [#]} 73. g5 $1 Kg8 74. Kg6 Rb1 75. h6 Rb7 76. Kh5 Ra7 77. g6 Rg7 78. h7+ 1-0

[Event "14th Karen Asrian Memorial 2024"]
[Site "Yerevan"]
[Date "2024.05.01"]
[Round "8.4"]
[White "Davtyan, Arsen"]
[Black "Pogosyan, Stefan"]
[Result "0-1"]
[ECO "B40"]
[WhiteElo "2421"]
[BlackElo "2387"]
[Annotator "TA"]
[PlyCount "86"]
[EventDate "2024.04.24"]
[EventType "swiss"]
[EventCountry "ARM"]
[SourceTitle "playchess.com"]
[Source "ChessBase"]
[SourceQuality "1"]
[TimeControl "40/5400+30:1800+30"]

1. e4 c5 2. Nf3 e6 3. b3 a6 4. Bb2 b5 5. d4 cxd4 6. Nxd4 Bb7 7. Bd3 d6 8. Nd2 {[%emt 0:19:01] White is slightly better.} Nf6 9. O-O Nbd7 10. b4 Be7 11. f4 O-O 12. Qe2 Nb6 13. Rae1 Nc4 14. Ba1 Nxd2 15. Qxd2 d5 16. exd5 (16. e5 Ne4 17. Bxe4 dxe4 $11) 16... Nxd5 17. a3 Bf6 18. Nb3 (18. f5 {with more complications.} exf5 19. Bxf5 Qc7 20. Nb3) 18... Bxa1 19. Rxa1 Qb6+ 20. Nc5 Rfd8 21. Kh1 (21. f5 {seems wilder.} e5 22. f6 Nxf6 23. Qg5) 21... Bc6 22. Rae1 Qc7 23. f5 e5 24. Qf2 Nf6 25. Qg3 Re8 26. Re3 Ra7 27. Qh4 {[%emt 0:03:18] [#] Strongly threatening Rg3.} h6 28. Be4 a5 29. h3 axb4 30. axb4 Ra2 31. Bd3 $2 {[%emt 0:01:48][%mdl 8192] [#]} (31. Rc3 $11 {and White is okay.}) 31... e4 $1 $19 32. Bxe4 (32. Be2 Rxc2) 32... Rxc2 $2 (32... Nxe4 $19 {and Black stays clearly on top.} 33. Nxe4 Qe5 (33... Rxc2 34. Rfe1 $15)) 33. Ne6 {[%emt 0:00:51] This move loses the game for White.} Bxe4 ({Not} 33... fxe6 34. Bxc2 Bxg2+ 35. Kxg2 $14) 34. Nxc7 Bxg2+ 35. Kg1 Rxe3 36. Rf2 Rc4 ({And not} 36... Rxh3 37. Qxh3 Rxf2 (37... Bxh3 38. Rxc2 Bxf5 39. Rc5 $16) 38. Qe3 $11) 37. Rf4 (37. Qxc4 {nothing else works.} bxc4 38. Kxg2) 37... Be4 {[%emt 0:00:35] Black is clearly winning.} ({Stronger than} 37... Bxh3 38. Rxc4 bxc4 39. Nd5 Nxd5 40. Qd8+ Kh7 41. Qxd5 $11) 38. Nxb5 {[%emt 0:00:32] White is weak on the light squares} Re2 {[%emt 0:00:51] ( -> ...Rc1+)} 39. Rf2 Re1+ 40. Kh2 Rh1+ 41. Kg3 Rxb4 42. Re2 Rb3+ 43. Kf4 Rhxh3 {[%emt 0:01:18] Weighted Error Value: White=0.95/Black=0.13 (very precise) .  Loses game:     	White=2     	---        Missed win:     	---       	Black=1      Mistake:       	White=1     	---        Inaccurate:     	White=4     	Black=3      OK:         	White=9     	Black=13     Best:        	White=2     	Black=3      Brilliant:      	---       	Black=1} 0-1